 Dungeon Crawl Stone Soup version 0.31.0-11-ge490571c62 (webtiles) character file.

Game seed: 6333638573151767503

2159598 SlowGraham the Champion of Chaos (level 27, 268/268 HPs)
             Began as a Hill Orc Monk on Jan 29, 2024.
             Was the Champion of Makhleb.
             Escaped with the Orb
             ... and 3 runes
             ... and 2 gems on Jan 30, 2024!
             The game lasted 06:58:44 (50044 turns).

SlowGraham the Champion of Chaos (Hill Orc Monk)   Turns: 50044, Time: 06:58:44

Health: 268/268    AC: 37    Str: 24    XL:     27
Magic:  49/49      EV: 18    Int: 21    God:    Makhleb [******]
Gold:   4218       SH: 22    Dex: 20    Spells: 26/26 levels left

rFire   + + +        F - +3 broad axe of a Million Defenders {holy, rC+ Str+3 Int+2}
rCold   + + +        u - +0 kite shield {rC+ rF+}
rNeg    + . .        o - +11 fire dragon scales of the Bursted God {rF++ rC- Regen+ Int+3 SInv}
rPois   +            m - +2 helmet
rElec   +            A - +2 ratskin cloak {*Rats rPois rN+ Str-1 Int-1 Dex+1}
rCorr   +            Z - +0 pair of gloves of Xom, Riding {+Blink Fly Will+ Str-2}
SInv    +            j - +2 pair of boots of the Pit {rElec rC++ Regen+ Int+4}
Will    ++++.        c - amulet of the Briny Deep {Reflect rC+ SH+5 Stlth+}
Stlth   +            W - ring of Soifuj {rElec rCorr Int+3}
HPRegen 2.24/turn    y - ring "Rifuf" {Will+ MP+9 Dex+2 Slay+3}
MPRegen 0.31/turn

%: reflection
@: flying
A: screaming 1, wild magic 2, inability to drink after injury 2, persistent
drain
0: Orb of Zot
}: 3/15 runes: serpentine, barnacled, slimy
a: Renounce Religion, Evoke Blink, Minor Destruction, Lesser Servant of Makhleb,
Major Destruction, Greater Servant of Makhleb


You escaped.
You worshipped Makhleb.
Makhleb was exalted by your worship.
You visited 12 branches of the dungeon, and saw 53 of its levels.
You visited the Abyss 1 time.
You also visited: Trove, Gauntlet and Desolation.

You collected 6697 gold pieces.
You spent 2479 gold pieces at shops.

Inventory:

Hand Weapons
 a - the +5 Force Lance {heavy, knockback}
   (You found it on level 2 of the Dungeon)
 b - a +9 broad axe of draining
 f - a +9 demon trident of freezing
 F - the +3 broad axe of a Million Defenders (weapon) {holy, rC+ Str+3 Int+2}
   (You took it off a yaktaur captain on level 3 of the Vaults)

   Str+3:     It affects your strength (+3).
   Int+2:     It affects your intelligence (+2).
   rC+:       It protects you from cold.
Missiles
 t - 40 boomerangs (quivered)
 v - 12 javelins
 x - 15 silver javelins
Armour
 j - the +2 pair of boots of the Pit (worn) {rElec rC++ Regen+ Int+4}
   (You found it on level 3 of the Depths)

   Int+4:     It affects your intelligence (+4).
   rC++:      It greatly protects you from cold.
   rElec:     It insulates you from electricity.
   Regen+:    It increases your rate of health regeneration.
 m - a +2 helmet (worn)
 o - the +11 fire dragon scales of the Bursted God (worn) {rF++ rC- Regen+ Int+3 SInv}
   (You found it on level 1 of the Vaults)

   Int+3:     It affects your intelligence (+3).
   rF++:      It greatly protects you from fire.
   rC-:       It makes you vulnerable to cold.
   SInv:      It lets you see invisible.
   Regen+:    It increases your rate of health regeneration.
 u - a +0 kite shield of resistance (worn)
 A - the +2 ratskin cloak (worn) {*Rats rPois rN+ Str-1 Int-1 Dex+1}
   (You found it on level 5 of the Pits of Slime)

   *Rats:     When the wearer is hurt, rats may emerge from it to assist them.
   Str-1:     It affects your strength (-1).
   Int-1:     It affects your intelligence (-1).
   Dex+1:     It affects your dexterity (+1).
   rPois:     It protects you from poison rN+: It protects you from negative
   energy.
 O - a +0 tower shield
 V - the +0 chain mail "Junloism" {rF+}
   (You found it on level 3 of the Realm of Zot)

   rF+:       It protects you from fire.
 Z - the +0 pair of gloves of Xom, Riding (worn) {+Blink Fly Will+ Str-2}
   (You found it in a Gauntlet)

   Str-2:     It affects your strength (-2).
   Will+:     It increases your willpower.
   Fly:       It grants you flight.
   +Blink:    It lets you blink.
Jewellery
 c - the amulet of the Briny Deep (around neck) {Reflect rC+ SH+5 Stlth+}
   (You acquired it on level 2 of the Vaults)

   [amulet of reflection]

   Reflect:   It reflects blocked missile attacks.
   rC+:       It protects you from cold.
   SH+5:      It affects your SH (+5).
   Stlth+:    It makes you more stealthy.
 d - the ring "Voragal" {^Contam rElec Str+6 Slay+6}
   (You found it in a treasure trove)

   [ring of strength]

   Str+6:     It affects your strength (+6).
   Slay+6:    It affects your accuracy & damage with ranged weapons and melee
   (+6).
   rElec:     It insulates you from electricity.
   ^Contam:   It causes magical contamination when unequipped.
 p - the ring "Lasku" {rC+ rN+ Will+ Str+6}
   (You acquired it on level 1 of the Lair of Beasts)

   [ring of strength]

   Str+6:     It affects your strength (+6).
   rC+:       It protects you from cold.
   rN+:       It protects you from negative energy.
   Will+:     It increases your willpower.
 s - the ring "Lovvit" {Str+3 SInv}
   (You found it in a treasure trove)

   [ring of see invisible]

   Str+3:     It affects your strength (+3).
   SInv:      It lets you see invisible.
 w - the ring "Awa Jonn" {Fly rF+}
   (You found it on level 2 of the Lair of Beasts)

   [ring of flight]

   rF+:       It protects you from fire.
   Fly:       It grants you flight.
 y - the ring "Rifuf" (right hand) {Will+ MP+9 Dex+2 Slay+3}
   (You found it in a treasure trove)

   [ring of willpower]

   Dex+2:     It affects your dexterity (+2).
   Slay+3:    It affects your accuracy & damage with ranged weapons and melee
   (+3).
   Will+:     It increases your willpower.
   MP+9:      It affects your magic capacity (+9).
 W - the ring of Soifuj (left hand) {rElec rCorr Int+3}
   (You found it in a Gauntlet)

   [ring of resist corrosion]

   Int+3:     It affects your intelligence (+3).
   rElec:     It insulates you from electricity.
   rCorr:     It protects you from acid and corrosion.
Wands
 C - a wand of light (12)
 D - a wand of digging (18)
 I - a wand of iceblast (30)
 P - a wand of paralysis (28)
 R - a wand of mindburst (26)
Scrolls
 g - 2 scrolls of revelation
 h - a scroll of summoning
 i - 4 scrolls of poison
 z - 4 scrolls of fear
 B - 2 scrolls of blinking
 E - 4 scrolls of enchant armour
 J - 6 scrolls of silence {!r}
 L - 6 scrolls of fog
 S - 4 scrolls of immolation
 T - 22 scrolls of teleportation
Potions
 l - 4 potions of mutation
 n - 2 potions of ambrosia
 q - 8 potions of enlightenment
 r - 5 potions of resistance
 G - 5 potions of cancellation
 H - 5 potions of haste
 K - 2 potions of heal wounds
 N - 2 potions of invisibility
 Q - 10 potions of curing
Miscellaneous
 e - a phantom mirror
 M - a lightning rod (4/4)
 U - a phial of floods
 X - a box of beasts
 Y - a tin of tremorstones (2/2)


   Skills:
 + Level 25.9 Fighting
 - Level 16.1(18.0) Axes
 - Level 11.3(14.1) Polearms
 - Level 8.0 Throwing
 - Level 16.0 Armour
 - Level 13.0 Dodging
 + Level 21.6 Shields
 + Level 26.3 Invocations
 - Level 18.0 Evocations


You had 26 spell levels left.
You didn't know any spells.
Your spell library contained the following spells:

 Spells                   Type           Power      Damage    Failure   Level
 Foxfire                  Conj/Fire      0%         2x1d4     58%         1
 Kiss of Death            Conj/Necr      0%         2d5       58%         1
 Magic Dart               Conj           0%         1d3       58%         1
 Necrotise                Necr           0%         1d4       58%         1
 Sandblast                Erth           0%         2d4       58%         1
 Slow                     Hex            0%         N/A       58%         1
 Sting                    Conj/Alch      0%         1d3       58%         1
 Blink                    Tloc           0%         N/A       71%         2
 Call Imp                 Summ           0%         N/A       71%         2
 Cigotuvi's Dreadful Rot  Necr/Alch/Air  0%         N/A       71%         2
 Ensorcelled Hibernation  Hex/Ice        0%         N/A       71%         2
 Mercury Vapours          Alch/Air       0%         N/A       71%         2
 Momentum Strike          Conj/Tloc      0%         3d8       71%         2
 Searing Ray              Conj           0%         2d4       71%         2
 Static Discharge         Conj/Air       0%         3-3/arc   71%         2
 Call Canine Familiar     Summ           0%         N/A       89%         3
 Confusing Touch          Hex            0%         N/A       89%         3
 Frozen Ramparts          Ice            0%         1d1       89%         3
 Fugue of the Fallen      Necr           0%         N/A       89%         3
 Inner Flame              Hex/Fire       0%         N/A       89%         3
 Mephitic Cloud           Conj/Alch/Air  0%         N/A       89%         3
 Ozocubu's Armour         Ice            0%         N/A       89%         3
 Passwall                 Erth           0%         N/A       89%         3
 Sigil of Binding         Hex            0%         N/A       89%         3
 Stone Arrow              Conj/Erth      0%         3d7       89%         3
 Summon Ice Beast         Ice/Summ       0%         N/A       89%         3
 Swiftness                Air            0%         N/A       89%         3
 Tukima's Dance           Hex            0%         N/A       89%         3
 Vampiric Draining        Necr           0%         2d6       89%         3
 Airstrike                Air            0%         2d(0-16)  99%         4
 Anguish                  Hex/Necr       0%         N/A       99%         4
 Animate Armour           Summ/Erth      0%         N/A       99%         4
 Animate Dead             Necr           0%         N/A       99%         4
 Brom's Barrelling Bould  Conj/Erth      0%         2d3       99%         4
 Dimensional Bullseye     Hex/Tloc       0%         N/A       99%         4
 Flame Wave               Conj/Fire      0%         2d4       99%         4
 Fulminant Prism          Conj/Alch      0%         3d5       99%         4
 Ignite Poison            Fire/Alch      0%         N/A       99%         4
 Leda's Liquefaction      Alch/Erth      0%         N/A       99%         4
 Manifold Assault         Tloc           0%         N/A       99%         4
 Martyr's Knell           Necr/Summ      0%         N/A       99%         4
 Petrify                  Alch/Erth      0%         N/A       99%         4
 Sticky Flame             Fire/Alch      0%         2d4       99%         4
 Summon Lightning Spire   Summ/Air       0%         N/A       99%         4
 Vhi's Electric Charge    Tloc/Air       0%         N/A       99%         4
 Arcjolt                  Conj/Air       0%         1d10      100%        5
 Borgnjor's Vile Clutch   Necr/Erth      0%         N/A       100%        5
 Curse of Agony           Necr           0%         N/A       100%        5
 Fireball                 Conj/Fire      0%         3d3       100%        5
 Freezing Cloud           Conj/Ice/Air   0%         6-21      100%        5
 Iskenderun's Battlesphe  Conj           0%         2d6       100%        5
 Lee's Rapid Deconstruct  Erth           0%         3d4*      100%        5
 Metabolic Englaciation   Hex/Ice        0%         N/A       100%        5
 Silence                  Hex/Air        0%         N/A       100%        5
 Summon Forest            Summ/Tloc      0%         N/A       100%        5
 Summon Mana Viper        Hex/Summ       0%         N/A       100%        5
 Yara's Violent Unravell  Hex/Alch       0%         3d3       100%        5
 Bombard                  Conj/Erth      0%         9d1       100%        6
 Conjure Ball Lightning   Conj/Air       0%         3x3d6     100%        6
 Death Channel            Necr           0%         N/A       100%        6
 Dispersal                Tloc           0%         N/A       100%        6
 Eringya's Noxious Bog    Alch           0%         4d6       100%        6
 Plasma Beam              Fire/Air       0%         2x1d10    100%        6
 Sculpt Simulacrum        Ice/Alch       0%         N/A       100%        6
 Starburst                Conj/Fire      0%         6d3       100%        6
 Haunt                    Necr/Summ      0%         N/A       100%        7
 Monstrous Menagerie      Summ           0%         N/A       100%        7
 Orb of Destruction       Conj           0%         9d5       100%        7
 Summon Hydra             Summ           0%         N/A       100%        7
 Borgnjor's Revivificati  Necr           0%         N/A       100%        8
 Disjunction              Tloc           0%         N/A       100%        8
 Lehudib's Crystal Spear  Conj/Erth      0%         10d2      100%        8
 Maxwell's Capacitive Co  Air            0%         ∞         100%        8
 Summon Horrible Things   Summ           0%         N/A       100%        8
 Death's Door             Necr           0%         N/A       100%        9
 Fire Storm               Conj/Fire      0%         5d1       100%        9


Dungeon Overview and Level Annotations

Branches:
Dungeon (15/15)            Temple (1/1) D:7            Lair (5/5) D:10
 Shoals (4/4) Lair:2        Snake (4/4) Lair:3        Slime (5/5) Lair:4
    Orc (2/2) D:10            Elf (3/3) Orc:2        Vaults (4/5) D:14
  Crypt (0/3) Vaults:2     Depths (4/4) D:15           Hell (visited)
    Zot (5/5) Depths:4    Desolation (visited)      Gauntlet (visited)
    Dis: Hell:1         Geh: Hell:1         Coc: Hell:1         Tar: Hell:1

Altars:
Ashenzari
Cheibriados
Dithmenos
Elyvilon
Fedhas
Gozag
Hepliaklqana
Kikubaaqudgha
Makhleb
Nemelex Xobeh
Okawaru
Qazlal
Ru
Sif Muna
Trog
Uskayaw
Vehumet
Wu Jian
Xom
Yredelemnul
Zin
The Shining One
Beogh
Jiyva

Shops:
D:7 (   D:8 *   D:10 *   Orc:2 =?*[   Elf:1 ((   Shoals:1 [   Shoals:4 [
Snake:2 !(   Snake:4 :   Vaults:2 =

Portals:
Hell: Depths:1 Depths:2 Depths:3 Depths:4
Abyss: Depths:2 Depths:3 Depths:4
Pandemonium: Depths:1* Depths:2
Ziggurat: Depths:3

Annotations:
Elf:3 6 transporters
Zot:1 36 runed translucent doors, Hicanoach's ghost, master DsGl; Jofris Vesimp's ghost, legendary GnFE; Miridwoatt's ghost, master GnFi; Nuogoul's ghost, master OnMo; Pongem's ghost, legendary MiAK; wilo's ghost, master MfBe
Zot:2 36 runed translucent doors


Innate Abilities, Weirdness & Mutations

You occasionally shout uncontrollably at your foes.
Your spells are harder to cast, but more powerful.
You sometimes lose the ability to drink potions when taking damage.
Your health recovers twice as slowly from being drained.


Message History

Makhleb accepts your kill.
You feel better.
What level of the Dungeon? (default 1, ? - help)
A blizzard demon comes into view.
The blizzard demon moves out of view.
You closely miss the blizzard demon. You hit the blizzard demon.
The blizzard demon convulses.
The blizzard demon is lightly wounded.
You block the blizzard demon's attack. x2
You slash the blizzard demon!
The blizzard demon convulses.
The blizzard demon is moderately wounded.
The blizzard demon closely misses you. You block the blizzard demon's attack.
You barely miss the blizzard demon.
The blizzard demon is moderately wounded.
You hit the blizzard demon but do no damage.
The blizzard demon is moderately wounded.
The blizzard demon gestures at you. The freezing blast misses you.
You hit the blizzard demon but do no damage.
The blizzard demon is moderately wounded.
You are engulfed in freezing vapours.
You resist.
The blizzard demon is engulfed in freezing vapours.
The blizzard demon hits you but does no damage.
You block the blizzard demon's attack.
You slash the blizzard demon!
The blizzard demon convulses!
The blizzard demon is severely wounded.
You are engulfed in freezing vapours.
You resist.
The blizzard demon is engulfed in freezing vapours.
The blizzard demon gestures at you.
The bolt of cold hits you but does no damage.
You slash the blizzard demon!
The blizzard demon convulses.
The blizzard demon is almost dead.
You are engulfed in freezing vapours.
You resist.
You slice the blizzard demon!!
You kill the blizzard demon!
Makhleb accepts your kill.
You feel better.
You are engulfed in freezing vapours.
You resist.
You are engulfed in freezing vapours.
You resist.
You are engulfed in freezing vapours.
You resist.
There is an escape hatch in the ceiling here.
A mysterious force pulls you upwards. The hatch slams shut behind you.
You see here a +0 short sword.
What level of the Dungeon? (default 1, ? - help)
You see here a +0 dagger.
There is a stone staircase leading up here.
You fly upwards.
There is a stone staircase leading down here.
There is a staircase leading out of the dungeon here.
There is a staircase leading out of the dungeon here.
You have escaped!

#.....#)..#...#.....####..#
##..#...#..#..#^..#........#
#....#..#..#..#..#....###...
#.....#..#.#.#..#.....##....
#..#...#.#.#.#.#...#..##..#. #
#...##..#.#.#.#..##...##...# #
#.....##.#...#.##.....##..## ##
#.......#.....#...........# .##
#.######...@...######.#.#.# ..#
#.......#.....#.........#.# ..#
#.....##.#...#.##.....###.# #.#
#...##..#.#.#.#..##...##..# ..#
##..#...#.#.#.#.#...#.....##
..# #.....)#..#.#.#..#.....#..#
..###.....#..#..#..#..#....##.#
.........#...#..#..#...#..###.#
#..####.....#...#...#.....# #.#


There were no monsters in sight!

Vanquished Creatures
  Dissolution (Slime:2)
  the Royal Jelly (Slime:5)
  An ancient lich (Zot:5)
  2 dread liches (Zot:5)
  6 orbs of fire
  A juggernaut (Depths:4)
  5 Killer Klowns
  3 curse toes
  9 golden dragons
  A bone dragon (Depths:4)
  A profane servitor (Abyss:2)
  A Tzitzimitl (Zot:4)
  A pandemonium lord (D:8)
  11 tentacled monstrosities
  3 Ice Fiends
  Zenata (Vaults:4)
  Jorgrun (Shoals:2)
  16 Orb Guardians
  4 liches
  A titan (Vaults:4)
  Mlioglotl (Shoals:3)
  7 quicksilver dragons
  A deep elf blademaster (Elf:3)
  2 deep elf master archers (Elf:3)
  14 acid blobs
  3 sphinxes (Vaults:4)
  2 krakens
  7 death cobs
  2 tengu reavers
  3 azure jellies (Slime:5)
  Aizul (Snake:2)
  4 protean progenitors
  14 storm dragons
  Donald (Orc:2)
  7 shadow dragons
  A draconian monk (Zot:2)
  9 rockslimes
  5 nagarajas
  8 draconian knights
  3 draconian shifters
  8 frost giants
  2 fire giants
  4 draconian scorchers
  4 deep elf sorcerers
  2 ghost moths (Zot:3)
  3 deep elf elementalists (Elf:3)
  2 caustic shrike zombies (Depths:2)
  11 vault wardens
  3 imperial myrmidons (Desolation)
  2 orc warlords (Vaults:3)
  A reaper (Depths:3)
  A ghoul (Vaults:2)
  14 ironbound preservers
  A cacodemon (Zot:2)
  6 formless jellyfish
  4 very ugly things
  4 ironbound thunderhulks
  9 quicksilver oozes
  7 draconian stormcallers
  A spriggan defender (Depths:1)
  A caustic shrike skeleton (Depths:3)
  6 draconian annihilators
  The ghost of Taul the Severer, a journeyman HOFi of Cheibriados (Orc:2)
  12 black draconians
  8 stone giants
  5 vampire knights
  9 green draconians
  4 war gargoyles (Vaults:3)
  A minotaur (Gauntlet)
  7 deep elf death magi
  5 deep elf demonologists
  16 yellow draconians
  6 purple draconians
  15 red draconians
  9 deep elf annihilators (Elf:3)
  7 dire elephants
  15 white draconians
  13 ettins
  A blizzard demon (D:3)
  3 merfolk javelineers
  An eidolon (Vaults:2)
  2 deep elf high priests
  A jiangshi (Vaults:2)
  11 merfolk impalers
  3 entropy weavers
  14 yaktaur captains
  9 ice dragons
  5 ragged hierophants
  5 fire dragons
  8 vault guards (Vaults:4)
  9 great orbs of eyes
  7 servants of whispers (Desolation)
  5 hydras
  An ogre mage (Vaults:3)
  2 rakshasas (Depths:1)
  2 radroaches (Zot:1)
  6 salamander tyrants (Snake:4)
  5 merfolk avatars
  3 spriggan air magi
  9 peacekeepers
  9 ironbound frosthearts
  A two-headed ogre (shapeshifter) (Vaults:3)
  7 anacondas
  4 merfolk aquamancers
  4 boulder beetles
  23 dancing weapons
  2 alligator snapping turtles (Shoals:4)
  2 death knights
  23 centaur warriors
  7 naga warriors
  13 deep troll earth magi
  8 two-headed ogres
  3 satyrs
  A hell hog (Lair:5)
  5 vampire magi (Depths:1)
  3 death yaks
  2 occultists
  5 tengu warriors
  4 deep troll shamans
  8 naga sharpshooters
  A spriggan berserker (Depths:3)
  7 shock serpents
  7 orc high priests
  19 deep elf knights
  A soul eater (Depths:2)
  7 hell knights
  A spriggan (Depths:1)
  2 salamander mystics (Snake:4)
  5 skeletal warriors
  2 titan skeletons (Depths:3)
  13 iron trolls
  A shadow wraith (D:14)
  8 skysharks
  3 sixfirhies
  A storm dragon skeleton (Depths:3)
  56 deep trolls
  13 sea snakes
  2 glowing orange brains
  A flayed ghost (Depths:3)
  8 naga ritualists
  10 mana vipers
  A tengu zombie (Depths:3)
  6 phantasmal warriors
  18 ironbound convokers
  6 arcanists
  An orange crystal statue (Depths:4)
  5 necromancers
  13 harpies
  11 lindwurms
  A sphinx simulacrum (Depths:3)
  A wolf spider (Lair:5)
  Pikel (D:4)
  33 deep elf pyromancers
  12 deep elf archers
  25 deep elf zephyrmancers
  12 orc knights
  5 orc sorcerers
  An oklob plant (Lair:3)
  6 fauns
  A fire giant zombie (Depths:3)
  6 shining eyes
  6 salamanders
  7 cyclopes
  23 ugly things
  19 moths of wrath
  10 manticores
  38 black mambas
  7 large abominations
  2 apocalypse crabs (Abyss:2)
  8 merfolk sirens
  A frost giant skeleton (Depths:2)
  6 water nymphs
  3 gargoyles
  17 vault sentinels
  20 elephants
  2 eyes of devastation
  4 guardian serpents
  10 naga magi
  A guardian serpent (shapeshifter) (D:11)
  12 cane toads
  3 smoke demons
  3 torpor snails (Zot:3)
  Maggie (D:6)
  2 hellions
  An unseen horror (Abyss:2)
  3 tengu conjurers
  An efreet (D:11)
  A rime drake (Lair:5)
  29 yaktaurs
  10 komodo dragons
  A tormentor (Depths:2)
  3 freezing wraiths (D:14)
  Psyche (D:8)
  A silent spectre (Abyss:2)
  39 merfolk
  An ancient zyme (Abyss:2)
  5 trolls
  5 wind drakes
  13 polar bears
  Prince Ribbit (D:5)
  5 hornets
  10 raiju
  3 glass eyes
  7 dream sheep
  51 saltlings
  7 blink frogs
  8 snapping turtles
  A jumping spider (Vaults:3)
  16 water elementals
  2 shadows
  54 slime creatures
  7 air elementals
  3 fire elementals
  A yak (shapeshifter) (D:15)
  A ynoxinul (Abyss:2)
  4 hogs (D:9)
  16 wyverns
  31 yaks
  3 basilisks
  8 wargs
  A human (D:9)
  2 golden eyes (Slime:2)
  8 redbacks
  A neqoxec (Abyss:2)
  6 starcursed masses (Abyss:2)
  A spriggan simulacrum (Depths:2)
  11 vampire mosquitoes
  45 nagas
  4 steam dragons
  4 acid dragons
  A glowing shapeshifter zombie (Depths:2)
  A swamp worm (shapeshifter) (Depths:2)
  23 water moccasins
  Duvessa (D:5)
  14 hell hounds (Lair:5)
  13 black bears
  32 orc warriors
  A sky beast (D:6)
  A glowing shapeshifter skeleton (Depths:3)
  A laughing skull (Abyss:2)
  21 wolves
  7 centaurs
  17 ogres
  8 boggarts (Vaults:1)
  3 phantoms
  A lemure (D:4)
  8 bullfrogs
  5 kobold brigands
  Blork the orc (D:5)
  A weeping skull (Abyss:2)
  6 small abominations
  3 gnoll sergeants (D:6)
  A scorpion (D:6)
  5 earth elementals
  3 wights (D:8)
  Dowan (D:5)
  16 killer bees
  10 electric eels
  A bombardier beetle (D:7)
  9 howler monkeys
  A quasit (Abyss:2)
  Crazy Yiuf (D:5)
  9 hounds
  33 orc priests
  2 jellies (D:7)
  An iron imp (Abyss:2)
  2 sleepcaps
  Ijyb (D:3)
  4 gnoll boudas
  3 iguanas (D:5)
  28 orc wizards
  21 gnolls
  9 adders
  7 shadow imps
  A white imp (Gauntlet)
  3 ufetubi
  3 dart slugs (D:1)
  3 ribbon worms
  108 orcs
  5 ball pythons
  10 endoplasms
  3 giant cockroaches
  5 goblins
  8 hobgoblins
  7 jackals
  3 quokkas (D:1)
  A bat (D:2)
  3 frilled lizards (D:1)
  16 kobolds
  4 rats
  2 starspawn tentacles (Shoals:3)
  A tentacle (Shoals:3)
2137 creatures vanquished.

Vanquished Creatures (collateral kills)
  Saint Roka (Vaults:2)
  2 electric golems (Zot:5)
  6 Orb Guardians (Zot:5)
  A death cob (Zot:5)
  Ilsuiw (Shoals:3)
  A stone giant (Depths:4)
  A black draconian (Zot:2)
  2 merfolk javelineers
  A merfolk impaler (Shoals:3)
  A rakshasa (D:14)
  A centaur warrior (D:14)
  A two-headed ogre (Orc:2)
  A naga warrior (Snake:4)
  A sea snake (Shoals:3)
  2 orc knights
  An orc sorcerer (Vaults:2)
  2 fauns (Shoals:1)
  A naga mage (Snake:4)
  A black mamba (Snake:4)
  A water nymph (Shoals:1)
  A merfolk siren (Shoals:3)
  2 merfolk
  3 snapping turtles
  A naga (Snake:4)
  7 orc warriors (Orc:2)
  2 centaurs (D:14)
  A kobold brigand (D:9)
  An orc priest (Orc:2)
  An orc (Orc:2)
  A starspawn tentacle (Shoals:3)
  A tentacle (Shoals:1)
50 creatures vanquished.

Vanquished Creatures (others)
  A death cob (Zot:3)
  A deep elf blademaster (Elf:3)
  2 fire giants
  A draconian stormcaller (Zot:1)
  A deep elf annihilator (Elf:3)
  A deep elf demonologist (Elf:3)
  A yellow draconian (Zot:1)
  A red draconian (Zot:1)
  An ogre mage (Vaults:2)
  A dancing weapon (Elf:3)
  A deep elf zephyrmancer (Elf:2)
  A necromancer (Depths:3)
  A deep elf pyromancer (Elf:2)
  A water nymph (Zot:3)
  A black mamba (Snake:3)
  A yaktaur (Vaults:2)
  A butterfly (D:8)
  4 starspawn tentacles
  25 tentacles
47 creatures vanquished.

Grand Total: 2234 creatures vanquished

Notes
Turn   | Place    | Note
-------+----------+-------------------------------------------
     0 | D:1      | SlowGraham the Hill Orc Monk began the quest for the Orb.
     0 | D:1      | Reached XP level 1. HP: 19/19 MP: 1/1
   169 | D:1      | Reached XP level 2. HP: 23/27 MP: 2/2
   498 | D:1      | Reached XP level 3. HP: 29/33 MP: 3/3
   502 | D:1      | Reached skill level 5 in Axes
   529 | D:1      | Found a faded altar of an unknown god.
   649 | D:2      | Reached skill level 1 in Armour
   860 | D:2      | Reached XP level 4. HP: 40/40 MP: 4/4
   913 | D:2      | Found the +5 Force Lance {heavy, knockback}
  1363 | D:2      | Reached XP level 5. HP: 47/47 MP: 5/5
  1492 | D:3      | Noticed Ijyb
  1503 | D:3      | Killed Ijyb
  1704 | D:3      | Found an ornate altar of the Wu Jian Council.
  2335 | D:4      | Noticed a phantom
  2342 | D:4      | Killed a phantom
  2343 | D:4      | Reached skill level 5 in Fighting
  2343 | D:4      | Reached XP level 6. HP: 56/56 MP: 6/6
  2345 | D:4      | Noticed Pikel
  2418 | D:4      | Killed Pikel
  2419 | D:4      | Reached XP level 7. HP: 51/63 MP: 7/7
  2799 | D:4      | Reached XP level 8. HP: 71/71 MP: 8/8
  2915 | D:4      | You fall into a shaft and drop 3 floors!
  2954 | D:7      | Reached skill level 1 in Polearms
  2985 | D:7      | Found a bloodstained altar of Trog.
  3006 | D:7      | Found Aqoeffap's Antique Weapon Emporium.
  3013 | D:7      | Found a staircase to the Ecumenical Temple.
  3027 | Temple   | Entered the Ecumenical Temple
  3047 | Temple   | Became a worshipper of Makhleb the Destroyer
  3047 | Temple   | Reached * piety under Makhleb
  3047 | Temple   | Reached ** piety under Makhleb
  3103 | D:6      | Noticed Maggie
  3116 | D:6      | Killed Maggie
  3117 | D:6      | Reached skill level 5 in Armour
  3117 | D:6      | Reached skill level 2 in Invocations
  3155 | D:5      | Entered Level 5 of the Dungeon
  3162 | D:5      | Reached skill level 3 in Invocations
  3314 | D:5      | Reached XP level 9. HP: 74/79 MP: 11/11
  3342 | D:5      | Found a runed translucent door.
  3343 | D:5      | Noticed Crazy Yiuf
  3349 | D:5      | Killed Crazy Yiuf
  3397 | D:5      | Reached skill level 5 in Polearms
  3408 | D:5      | Found Mucea's Distillery.
  3417 | D:5      | Bought a potion of curing for 45 gold pieces
  3417 | D:5      | Bought a potion of lignification for 45 gold pieces
  3486 | D:5      | Noticed Prince Ribbit
  3499 | D:5      | Killed Prince Ribbit
  3500 | D:5      | Reached skill level 4 in Invocations
  3633 | D:5      | Noticed Dowan
  3640 | D:5      | Noticed Duvessa
  3666 | D:5      | Killed Dowan
  3673 | D:5      | Killed Duvessa
  3781 | D:5      | Reached skill level 5 in Invocations
  3949 | D:5      | Noticed Blork the orc
  3955 | D:5      | Killed Blork the orc
  4204 | D:6      | Reached *** piety under Makhleb
  4228 | D:6      | Reached skill level 6 in Invocations
  4243 | D:6      | Reached XP level 10. HP: 91/91 MP: 14/14
  4368 | D:6      | Identified the +0 chain mail of Ignis's Whim {rCorr}
  4824 | D:6      | Reached skill level 7 in Invocations
  4847 | D:6      | Reached **** piety under Makhleb
  4958 | D:6      | Noticed a two-headed ogre
  4967 | D:6      | Killed a two-headed ogre
  5262 | D:7      | Identified a scroll of acquirement
  5262 | D:7      | Acquired the +0 pair of boots of the Sailor {rElec Str+3}
  5989 | D:7      | Reached skill level 10 in Fighting
  5989 | D:7      | Reached skill level 8 in Invocations
  6228 | D:8      | Found Camirif's Assorted Antiques.
  6327 | D:8      | Bought a scroll of blinking for 120 gold pieces
  6327 | D:8      | Bought a metallic white potion for 14 gold pieces
  6327 | D:8      | Bought 3 scrolls labelled LOEWAIQIPT for 48 gold pieces
  6327 | D:8      | Bought 2 clear potions for 28 gold pieces
  6372 | D:8      | Reached ***** piety under Makhleb
  6373 | D:8      | Reached skill level 10 in Polearms
  6373 | D:8      | Reached XP level 11. HP: 87/99 MP: 17/17
  6470 | D:8      | Found a white marble altar of Elyvilon.
  6671 | D:8      | Found an opulent altar of Gozag.
  6730 | D:8      | Noticed Psyche
  6749 | D:8      | Killed Psyche
  6937 | D:9      | Paralysed by a hornet for 3 turns
  7001 | D:9      | Noticed a purple ugly thing
  7016 | D:9      | Noticed a two-headed ogre
  7023 | D:9      | Killed a two-headed ogre
  7024 | D:9      | Reached skill level 9 in Invocations
  7094 | D:9      | Noticed a centaur warrior
  7383 | D:9      | Killed a centaur warrior
  7384 | D:9      | Reached skill level 10 in Invocations
  7456 | D:9      | Killed a purple ugly thing
  7600 | D:10     | Entered Level 10 of the Dungeon
  7774 | D:10     | Found a staircase to the Lair.
  7785 | D:10     | Reached skill level 1 in Evocations
  7802 | D:10     | Reached XP level 12. HP: 111/112 MP: 20/20
  7839 | D:10     | Found a staircase to the Orcish Mines.
  7922 | D:10     | Found Hacastruo's Humungous Hoard.
  7945 | D:10     | Bought 2 potions of heal wounds for 160 gold pieces
  8244 | D:10     | Reached skill level 11 in Invocations
  8323 | D:10     | Reached ****** piety under Makhleb
  8332 | D:10     | Found a roughly hewn altar of Beogh.
  8602 | D:11     | Identified the +2 robe "Benowes" {Int+5 Stlth-}
  8626 | D:11     | Found a gate leading to a gauntlet.
  8634 | Gauntlet | Entered a Gauntlet
  8634 | Gauntlet | Found a transporter.
  8634 | Gauntlet | Found a transporter.
  8652 | Gauntlet | Found a transporter.
  8656 | Gauntlet | Found a transporter.
  8658 | Gauntlet | Found a large runed translucent door.
  8659 | Gauntlet | Found a large runed translucent door.
  8660 | Gauntlet | Found a large runed translucent door.
  8660 | Gauntlet | Found a large runed translucent door.
  8660 | Gauntlet | Found a runed translucent door.
  8660 | Gauntlet | Found a runed translucent door.
  8661 | Gauntlet | Found a large runed translucent door.
  8662 | Gauntlet | Found a large runed translucent door.
  8663 | Gauntlet | Found a large runed translucent door.
  8663 | Gauntlet | Found a large runed translucent door.
  8664 | Gauntlet | Found a runed translucent gate.
  8664 | Gauntlet | Found a runed translucent gate.
  8664 | Gauntlet | Found a runed translucent gate.
  8666 | Gauntlet | Found a transporter.
  8670 | Gauntlet | Found a transporter.
  8675 | Gauntlet | Found a large runed translucent door.
  8675 | Gauntlet | Found a large runed translucent door.
  8676 | Gauntlet | Found a large runed translucent door.
  8677 | Gauntlet | Found a large runed translucent door.
  8683 | Gauntlet | Found a transporter.
  8707 | Gauntlet | Found a transporter.
  8733 | Gauntlet | Found a transporter.
  8737 | Gauntlet | Found a transporter.
  8749 | Gauntlet | Found a transporter.
  8753 | Gauntlet | Found a transporter.
  8792 | Gauntlet | Found a large runed translucent door.
  8793 | Gauntlet | Found a large runed translucent door.
  8794 | Gauntlet | Found a large runed translucent door.
  8794 | Gauntlet | Found a large runed translucent door.
  8987 | Gauntlet | Identified the ring of Soifuj {rElec rCorr Int+3}
  9039 | Gauntlet | Identified the +4 dagger "Pendulum" {flame, rElec rF+ Str+2
                  | Int+2 Dex+3}
  9039 | Gauntlet | Noticed a minotaur
  9050 | Gauntlet | Killed a minotaur
  9055 | Gauntlet | Got the Excursus on Malisons
  9064 | Gauntlet | Identified the +0 pair of gloves of Xom, Riding {+Blink Fly
                  | Will+ Str-2}
  9065 | Gauntlet | Got the Guidebook on Bruises
  9415 | D:11     | Noticed a centaur warrior
  9420 | D:11     | Killed a centaur warrior
  9436 | D:11     | Noticed a centaur warrior
  9440 | D:11     | Killed a centaur warrior
  9444 | D:11     | Noticed a centaur warrior
  9455 | D:11     | Killed a centaur warrior
  9456 | D:11     | Reached skill level 12 in Invocations
  9458 | D:11     | Noticed a centaur warrior
  9503 | D:11     | Killed a centaur warrior
  9504 | D:11     | Reached XP level 13. HP: 108/122 MP: 22/22
  9863 | D:11     | Reached skill level 5 in Evocations
  9930 | Lair:1   | Entered Level 1 of the Lair of Beasts
 10097 | Lair:1   | Acquired the ring "Lasku" {rC+ rN+ Will+ Str+6}
 10179 | Lair:1   | Reached skill level 10 in Armour
 10179 | Lair:1   | Reached skill level 5 in Dodging
 10818 | Lair:2   | Reached XP level 14. HP: 129/129 MP: 23/23
 10904 | Lair:2   | Found a staircase to the Shoals.
 11108 | Lair:2   | Reached skill level 13 in Invocations
 11237 | Lair:2   | Identified the ring "Awa Jonn" {Fly rF+}
 11706 | Lair:3   | Found a staircase to the Snake Pit.
 12052 | Lair:3   | Found a blossoming altar of Fedhas.
 12402 | Lair:4   | Found a staircase to the Slime Pits.
 12402 | Lair:4   | Found a viscous altar of Jiyva.
 12740 | Lair:4   | Reached XP level 15. HP: 101/139 MP: 25/25
 12742 | Lair:4   | Reached skill level 10 in Evocations
 12815 | Lair:4   | Reached skill level 14 in Invocations
 13062 | Lair:5   | Entered Level 5 of the Lair of Beasts
 13540 | Lair:5   | Reached skill level 15 in Fighting
 13716 | Lair:5   | Got an earthy gem with 89 turns to spare
 13990 | Lair:5   | Reached skill level 15 in Invocations
 14869 | Orc:1    | Entered Level 1 of the Orcish Mines
 15173 | Orc:2    | Entered Level 2 of the Orcish Mines
 15289 | Orc:2    | Found a runed translucent gate.
 15289 | Orc:2    | Found a runed translucent gate.
 15289 | Orc:2    | Found a runed translucent gate.
 15292 | Orc:2    | Noticed Taul's ghost (journeyman HOFi)
 15366 | Orc:2    | Found a staircase to the Elven Halls.
 15947 | Orc:2    | Noticed Donald
 15952 | Orc:2    | Reached XP level 16. HP: 150/151 MP: 27/27
 15964 | Orc:2    | Killed Donald
 16119 | Orc:2    | Reached skill level 1 in Shields
 16150 | Orc:2    | Found Ynutum's Magic Scroll Emporium.
 16151 | Orc:2    | Found Qotyw's Assorted Antiques.
 16151 | Orc:2    | Found Ijyi's Armour Emporium.
 16152 | Orc:2    | Found Til Xair's Jewellery Emporium.
 16423 | Orc:2    | Killed Taul's ghost
 16498 | Orc:2    | Bought a pair of twisted boots for 275 gold pieces
 16498 | Orc:2    | Identified the +2 pair of boots of the Unstoppable Mouths
                  | {rPois Int+2 Dex+3} (You bought it in a shop on level 2 of
                  | the Orcish Mines)
 16498 | Orc:2    | Bought a scroll of fear for 116 gold pieces
 16515 | Orc:2    | Bought a scroll of blinking for 112 gold pieces
 16515 | Orc:2    | Bought a scroll of blinking for 112 gold pieces
 16515 | Orc:2    | Bought a scroll of fog for 60 gold pieces
 16515 | Orc:2    | Bought a scroll of teleportation for 45 gold pieces
 16515 | Orc:2    | Bought a scroll of enchant armour for 112 gold pieces
 16515 | Orc:2    | Bought a scroll of summoning for 142 gold pieces
 17653 | D:13     | Found a radiant altar of Vehumet.
 17747 | D:13     | Identified the +4 scale mail "Evacemm" {Str+3}
 18114 | D:14     | Reached skill level 16 in Invocations
 18122 | D:14     | Reached skill level 10 in Axes
 18670 | D:14     | Reached skill level 5 in Shields
 18867 | D:14     | Found a gate to the Vaults.
 18916 | D:15     | Entered Level 15 of the Dungeon
 19259 | D:15     | Found a staircase to the Depths.
 19584 | D:15     | Found a white marble altar of Elyvilon.
 19585 | D:15     | Found a glowing silver altar of Zin.
 19586 | D:15     | Found a glowing golden altar of the Shining One.
 19879 | Snake:1  | Entered Level 1 of the Snake Pit
 20381 | Snake:1  | Reached XP level 17. HP: 158/160 MP: 29/29
 21310 | Snake:2  | Identified the serpent talisman of Luepnad {Int+4}
 21310 | Snake:2  | Noticed Aizul
 21339 | Snake:2  | Killed Aizul
 21416 | Snake:2  | Found Sasese's Distillery.
 21421 | Snake:2  | Found Tepnap's Weapon Shop.
 21432 | Snake:2  | Bought a potion of invisibility for 96 gold pieces
 21432 | Snake:2  | Bought a potion of invisibility for 96 gold pieces
 21432 | Snake:2  | Bought a potion of might for 48 gold pieces
 21432 | Snake:2  | Bought a potion of haste for 120 gold pieces
 22855 | Snake:4  | Entered Level 4 of the Snake Pit
 23072 | Abyss:2  | Cast into level 2 of the Abyss (naga warrior)
 23146 | Abyss:2  | Found a corrupted altar of Lugonu.
 23325 | Abyss:2  | Noticed a tentacled starspawn
 23361 | Abyss:2  | Noticed a quicksilver dragon
 23361 | Abyss:2  | Noticed a bone dragon
 23361 | Abyss:2  | Noticed a tentacled starspawn
 23462 | Abyss:2  | Gained mutation: You occasionally lose the ability to drink
                  | potions when taking damage. [a neqoxec]
 23472 | Abyss:2  | Noticed a profane servitor
 23546 | Abyss:2  | Killed a profane servitor
 23637 | Snake:4  | Escaped the Abyss
 23938 | Snake:4  | Reached skill level 10 in Shields
 24018 | Snake:4  | Found Attilad's Self-Improvement Boutique.
 24039 | Snake:4  | Reached XP level 18. HP: 170/170 MP: 30/30
 24619 | Snake:4  | Reached skill level 17 in Invocations
 24970 | Snake:4  | Got a serpentine rune of Zot
 25235 | Shoals:1 | Entered Level 1 of the Shoals
 25404 | Shoals:1 | Found Mudodghylo's Armour Shoppe.
 25794 | Shoals:2 | Identified the ring "Kiriv" {Wiz *Slow +Blink Str+3 Slay+3}
 26053 | Shoals:2 | Noticed Jorgrun
 26247 | Shoals:2 | Killed Jorgrun
 26477 | Shoals:3 | Noticed Ilsuiw
 26492 | Shoals:3 | Killed Ilsuiw
 26782 | Shoals:3 | Noticed Mlioglotl
 26797 | Shoals:3 | Killed Mlioglotl
 26798 | Shoals:3 | Reached XP level 19. HP: 133/180 MP: 19/31
 27105 | Shoals:3 | Found a runed translucent door.
 27346 | Shoals:4 | Entered Level 4 of the Shoals
 27407 | Shoals:4 | Reached skill level 18 in Invocations
 27689 | Shoals:4 | Identified the ring of Alutsaom {Fly MP+9}
 27781 | Shoals:4 | Identified the +4 scale mail "Reitz" {Int+4}
 28392 | Shoals:4 | Reached skill level 15 in Axes
 28434 | Shoals:4 | Got a barnacled rune of Zot
 28458 | Shoals:4 | Found Erlang's Dragon-Slaying Spoils.
 28848 | Vaults:1 | Entered Level 1 of the Vaults
 29200 | Vaults:1 | Identified the +11 fire dragon scales of the Bursted God
                  | {rF++ rC- Regen+ Int+3 SInv}
 30045 | Vaults:1 | Reached XP level 20. HP: 191/191 MP: 33/33
 30179 | Vaults:2 | Found a crumbling gateway.
 30205 | Desolati | Entered the Desolation of Salt
 30399 | Desolati | Got Laun's Dissertation on Companions and Esoterica
 30433 | Desolati | Identified the +1 scale mail of the Will of the Gods {rF+
                  | rN+ Str-4 Dex+5}
 30436 | Desolati | Identified the amulet of Logu {Faith rPois rN+ Str+3}
 30447 | Desolati | Got the Exposition on the Incandescent Catalyst
 30461 | Desolati | Got Zaheal's Codex of Stony Anemomancy
 30502 | Desolati | Identified the amulet "Igoghia" {Acrobat Harm Rampage +Inv
                  | rC+}
 30511 | Desolati | Reached skill level 19 in Invocations
 30540 | Desolati | Identified the +3 long sword of Feutul {speed, rElec Int+3}
 30722 | Desolati | Identified the ring of the Jumping Hero {^Contam Int+4
                  | Dex+6 SInv}
 30735 | Desolati | Identified the +9 plate armour of Adorox {Will+}
 30755 | Desolati | Identified the +0 plate armour of Wu Jian's Hope {rF++ rC+}
 30982 | Desolati | Got the Catalogue of Breezy Impulse
 30987 | Desolati | Reached skill level 15 in Evocations
 31248 | Vaults:2 | Noticed Saint Roka
 31285 | Vaults:2 | Killed Saint Roka
 31486 | Vaults:2 | Paralysed by a formless jellyfish for 1 turns
 31692 | Vaults:2 | Found Lalommau's Jewellery Shoppe.
 31887 | Vaults:2 | Found a staircase to the Crypt.
 31912 | Vaults:2 | Reached XP level 21. HP: 200/200 MP: 34/34
 31969 | Vaults:2 | Identified the +0 sling of the Equator {flame, rF+}
 32049 | Vaults:2 | Identified the +2 mace of the Ten Coins {protect, Will+}
 32053 | Vaults:2 | Acquired the amulet of the Briny Deep {Reflect rC+ SH+5
                  | Stlth+}
 32462 | Vaults:3 | Noticed a golden dragon
 32500 | Vaults:3 | Killed a golden dragon
 32501 | Vaults:3 | Reached skill level 15 in Shields
 32887 | Vaults:3 | Reached skill level 20 in Invocations
 33744 | Vaults:3 | Identified the +3 broad axe of a Million Defenders {holy,
                  | rC+ Str+3 Int+2}
 33760 | Vaults:4 | Noticed Zenata
 33770 | Vaults:4 | Killed Zenata
 34369 | Vaults:4 | Reached XP level 22. HP: 194/211 MP: 36/36
 34379 | Vaults:4 | Reached skill level 10 in Dodging
 34423 | Vaults:4 | Found the +5 glaive of the Guard {elec, spectral}
 34776 | Vaults:4 | Reached skill level 15 in Armour
 35117 | Elf:1    | Entered Level 1 of the Elven Halls
 35120 | Elf:1    | Paralysed by an air elemental for 1 turns
 35300 | Elf:1    | Found Konunn's Weapon Shop.
 35395 | Elf:1    | Found Beetuw's Antique Weapon Emporium.
 35561 | Elf:1    | Found a runed translucent door.
 35646 | Elf:1    | Paralysed by an air elemental for 1 turns
 35931 | Elf:1    | Paralysed by an air elemental for 1 turns
 36284 | Elf:2    | Identified the +9 arbalest "Arcanum" {drain, rPois rC+}
 36315 | Elf:2    | Found a runed translucent gate.
 36315 | Elf:2    | Found a runed translucent gate.
 36315 | Elf:2    | Found a runed translucent gate.
 36534 | Elf:2    | Reached skill level 21 in Invocations
 37080 | Elf:2    | Paralysed by an air elemental for 1 turns
 37175 | Elf:3    | Entered Level 3 of the Elven Halls
 37312 | Elf:3    | Found a transporter.
 37321 | Elf:3    | Found a transporter.
 37379 | Elf:3    | Found a transporter.
 37384 | Elf:3    | Found a transporter.
 37648 | Elf:3    | Found a transporter.
 37650 | Elf:3    | Found a transporter.
 38039 | Elf:3    | Reached skill level 1 in Throwing
 38065 | Elf:3    | Paralysed by an air elemental for 1 turns
 38223 | Elf:3    | Identified the ring of Ysoton {Fire rN+ Will+}
 38223 | Elf:3    | Identified the +0 war axe of Baqadiasch {drain, rElec Will+
                  | Str-2 Dex+2}
 38488 | Elf:3    | Reached XP level 23. HP: 201/221 MP: 37/37
 38626 | Elf:3    | Identified the amulet "Qoowawad" {Reflect rPois Int+7 SH+5}
 38850 | Elf:3    | Got the Guide on Blasting
 38862 | Elf:3    | Got the Handbook of the Terrestrial Burn
 38864 | Elf:3    | Identified the +5 arbalest of Bosoenteewn {drain, rElec rF+
                  | rN+}
 39101 | Orc:2    | Bought a scroll of fear for 60 gold pieces
 39205 | D:10     | Bought a potion of haste for 160 gold pieces
 39329 | D:5      | Bought a potion of enlightenment for 75 gold pieces
 39329 | D:5      | Bought a potion of resistance for 150 gold pieces
 39329 | D:5      | Bought a potion of ambrosia for 120 gold pieces
 39329 | D:5      | Bought a potion of mutation for 120 gold pieces
 39590 | Depths:1 | Entered Level 1 of the Depths
 39604 | Depths:1 | Found a one-way gate leading to the halls of Pandemonium.
 39841 | Depths:1 | Found a hide-covered altar of Uskayaw.
 40132 | Depths:1 | Found a gateway to Hell.
 40382 | Depths:1 | Found an ancient bone altar of Kikubaaqudgha.
 40759 | Depths:2 | Found a one-way gate to the infinite horrors of the Abyss.
 40960 | Depths:2 | Found a portal to a secret trove of treasure.
 41407 | Depths:3 | Reached skill level 22 in Invocations
 41519 | Depths:3 | Found a one-way gateway to a ziggurat.
 41526 | Depths:3 | Identified the +2 pair of boots of the Pit {rElec rC++
                  | Regen+ Int+4}
 41750 | Depths:3 | Reached skill level 5 in Throwing
 42164 | Depths:2 | You paid a toll of 17 potions of curing to enter a treasure
                  | trove
 42165 | Trove    | Entered a treasure trove
 42172 | Trove    | Identified the ring "Lovvit" {Str+3 SInv}
 42180 | Trove    | Identified the ring "Voragal" {^Contam rElec Str+6 Slay+6}
 42183 | Trove    | Identified the amulet "Gigeacang" {Faith rPois rF- rC++
                  | MP+9}
 42185 | Trove    | Identified the ring "Rifuf" {Will+ MP+9 Dex+2 Slay+3}
 42191 | Trove    | Identified the ring of Zin's Hope {rN+ MP+9 Str+2 Int+3
                  | Stlth+}
 42193 | Trove    | Identified the ring of Starshine {rElec rPois Will- MP+9
                  | SInv}
 42250 | Depths:4 | Entered Level 4 of the Depths
 42351 | Depths:4 | Reached XP level 24. HP: 232/232 MP: 38/38
 42460 | Hell     | Entered the Vestibule of Hell
 42544 | Depths:4 | Noticed a juggernaut
 42558 | Depths:4 | Killed a juggernaut
 42937 | Depths:4 | Found a gate to the Realm of Zot.
 43679 | Slime:1  | Entered Level 1 of the Pits of Slime
 43700 | Slime:2  | Noticed Dissolution
 43721 | Slime:2  | Paralysed by a formless jellyfish for 1 turns
 43725 | Slime:2  | Killed Dissolution
 43848 | Slime:3  | Gained mutation: You have a pair of small antennae on your
                  | head. [a shining eye]
 43849 | Slime:3  | Gained mutation: You sometimes lose the ability to drink
                  | potions when taking damage. [a shining eye]
 43863 | Slime:3  | You are sucked into a shaft and drop 1 floor!
 43900 | Slime:4  | Gained mutation: You are dopey. (Int -2) [a shining eye]
 43902 | Slime:4  | Gained mutation: You are frail. (-10% HP) [a shining eye]
 43906 | Slime:4  | Gained mutation: You sometimes lose your temper in combat.
                  | [a shining eye]
 43915 | Slime:4  | Gained mutation: Your magical capacity is low. (-10% MP) [a
                  | shining eye]
 43928 | Slime:5  | Entered Level 5 of the Pits of Slime
 43978 | Slime:5  | Noticed the Royal Jelly
 44008 | Slime:5  | Killed the Royal Jelly
 44053 | Slime:5  | Found the +2 ratskin cloak {*Rats rPois rN+ Str-1 Int-1
                  | Dex+1}
 44101 | Slime:5  | Got a slimy rune of Zot
 44102 | Slime:5  | Identified the staff of Fee Simple {rF+ Will- Str+6 SInv
                  | Fire Earth}
 44103 | Slime:5  | Got a starry gem with 224 turns to spare
 44127 | Slime:5  | Identified the +9 glaive of the Brain {antimagic, Str+3
                  | SInv Stlth+}
 44129 | Slime:5  | Identified the +1 trident of Yvaf {pain, rElec}
 44149 | Slime:5  | Identified the ring of Dithmenos's Grace {rC+ Int+6}
 44241 | Slime:5  | Identified the +10 glaive of Starshine {spect, rPois rF-
                  | SInv Stlth+}
 44248 | Slime:5  | Identified the +0 helmet of Beupsun {Harm *Slow rElec}
 44320 | Slime:3  | Gained mutation: You have an uncontrollable temper. [a
                  | shining eye]
 44381 | Lair:4   | Lost mutation: You are frail. (-10% HP) [potion of
                  | mutation]
 44381 | Lair:4   | Lost mutation: You are dopey. (Int -2) [potion of mutation]
 44381 | Lair:4   | Gained mutation: Your body sometimes deteriorates upon
                  | taking damage. [potion of mutation]
 44381 | Lair:4   | Gained mutation: You have large cloven feet. [potion of
                  | mutation]
 44382 | Lair:4   | Lost mutation: You have a pair of small antennae on your
                  | head. [potion of mutation]
 44382 | Lair:4   | Lost mutation: You sometimes lose the ability to drink
                  | potions when taking damage. [potion of mutation]
 44382 | Lair:4   | Gained mutation: You occasionally shout uncontrollably at
                  | your foes. [potion of mutation]
 44382 | Lair:4   | Gained mutation: You are partially covered in iridescent
                  | scales. (AC +2) [potion of mutation]
 44383 | Lair:4   | Lost mutation: You have large cloven feet. [potion of
                  | mutation]
 44383 | Lair:4   | Lost mutation: You are partially covered in iridescent
                  | scales. (AC +2) [potion of mutation]
 44383 | Lair:4   | Lost mutation: You occasionally lose the ability to drink
                  | potions when taking damage. [potion of mutation]
 44383 | Lair:4   | Gained mutation: Your spells are a little harder to cast,
                  | but a little more powerful. [potion of mutation]
 44383 | Lair:4   | Lost mutation: You have an uncontrollable temper. [potion
                  | of mutation]
 44384 | Lair:4   | Lost mutation: You occasionally shout uncontrollably at
                  | your foes. [potion of mutation]
 44384 | Lair:4   | Lost mutation: Your magical capacity is low. (-10% MP)
                  | [potion of mutation]
 44384 | Lair:4   | Lost mutation: Your spells are a little harder to cast, but
                  | a little more powerful. [potion of mutation]
 44384 | Lair:4   | Gained mutation: You are vulnerable to heat. (rF-) [potion
                  | of mutation]
 44384 | Lair:4   | Gained mutation: You have a beak for a mouth. [potion of
                  | mutation]
 44385 | Lair:4   | Lost mutation: Your body sometimes deteriorates upon taking
                  | damage. [potion of mutation]
 44385 | Lair:4   | Lost mutation: You have a beak for a mouth. [potion of
                  | mutation]
 44385 | Lair:4   | Lost mutation: You sometimes lose your temper in combat.
                  | [potion of mutation]
 44385 | Lair:4   | Gained mutation: You have sharp toenails. [potion of
                  | mutation]
 44385 | Lair:4   | Gained mutation: You are strong-willed. (Will+) [potion of
                  | mutation]
 44385 | Lair:4   | Lost mutation: You are vulnerable to heat. (rF-) [potion of
                  | mutation]
 44385 | Lair:4   | Gained mutation: Your muscles are strong. (Str +4, Int/Dex
                  | -1) [potion of mutation]
 44629 | Zot:1    | Entered Level 1 of the Realm of Zot
 44629 | Zot:1    | Found a huge runed translucent gate.
 44629 | Zot:1    | Found a huge runed translucent gate.
 44629 | Zot:1    | Found a huge runed translucent gate.
 44629 | Zot:1    | Found a huge runed translucent gate.
 44629 | Zot:1    | Found a huge runed translucent gate.
 44629 | Zot:1    | Found a huge runed translucent gate.
 44629 | Zot:1    | Found a huge runed translucent gate.
 44629 | Zot:1    | Found a huge runed translucent gate.
 44629 | Zot:1    | Found a huge runed translucent gate.
 44629 | Zot:1    | Found a huge runed translucent gate.
 44629 | Zot:1    | Found a huge runed translucent gate.
 44633 | Zot:1    | Found a huge runed translucent gate.
 44633 | Zot:1    | Found a huge runed translucent gate.
 44634 | Zot:1    | Found a huge runed translucent gate.
 44658 | Zot:1    | Found a huge runed translucent gate.
 44659 | Zot:1    | Found a huge runed translucent gate.
 44659 | Zot:1    | Found a huge runed translucent gate.
 44721 | Zot:1    | Noticed an orb of fire
 44723 | Zot:1    | Found a huge runed translucent gate.
 44724 | Zot:1    | Gained mutation: You occasionally lose the ability to drink
                  | potions when taking damage. [an orb of fire]
 44738 | Zot:1    | Killed an orb of fire
 44739 | Zot:1    | Reached skill level 23 in Invocations
 44739 | Zot:1    | Found a huge runed translucent gate.
 44740 | Zot:1    | Found a huge runed translucent gate.
 44740 | Zot:1    | Found a huge runed translucent gate.
 44773 | Zot:1    | Reached XP level 25. HP: 206/243 MP: 38/38
 44798 | Zot:1    | Found a huge runed translucent gate.
 44799 | Zot:1    | Found a huge runed translucent gate.
 44801 | Zot:1    | Noticed wilo's ghost (master MfBe)
 44801 | Zot:1    | Noticed Miridwoatt's ghost (master GnFi)
 44801 | Zot:1    | Noticed Miridwoatt's ghost (master GnFi)
 44802 | Zot:1    | Noticed Miridwoatt's ghost (master GnFi)
 44802 | Zot:1    | Noticed Jofris Vesimp's ghost (legendary GnFE)
 44803 | Zot:1    | Noticed Nuogoul's ghost (master OnMo)
 44803 | Zot:1    | Noticed Pongem's ghost (legendary MiAK)
 44803 | Zot:1    | Noticed Hicanoach's ghost (master DsGl)
 44803 | Zot:1    | Identified the ring "Poer" {rElec rC+ Str-2 Int+3 Dex-4}
 44821 | Zot:1    | Noticed a Killer Klown
 44829 | Zot:1    | Noticed a Killer Klown
 44846 | Zot:1    | Killed a Killer Klown
 44863 | Depths:4 | Killed a Killer Klown
 44916 | Zot:1    | Found a huge runed translucent gate.
 44928 | Zot:1    | Found a huge runed translucent gate.
 44929 | Zot:1    | Found a huge runed translucent gate.
 44929 | Zot:1    | Found a huge runed translucent gate.
 44933 | Zot:1    | Found a huge runed translucent gate.
 44935 | Zot:1    | Found a huge runed translucent gate.
 44935 | Zot:1    | Found a huge runed translucent gate.
 45079 | Zot:1    | Found a huge runed translucent gate.
 45079 | Zot:1    | Found a huge runed translucent gate.
 45079 | Zot:1    | Found a huge runed translucent gate.
 45079 | Zot:1    | Found a huge runed translucent gate.
 45080 | Zot:1    | Found a huge runed translucent gate.
 45080 | Zot:1    | Found a huge runed translucent gate.
 45759 | Zot:2    | Found a huge runed translucent gate.
 45759 | Zot:2    | Found a huge runed translucent gate.
 45759 | Zot:2    | Found a huge runed translucent gate.
 45809 | Zot:2    | Found a huge runed translucent gate.
 45810 | Zot:2    | Found a huge runed translucent gate.
 45810 | Zot:2    | Found a huge runed translucent gate.
 45810 | Zot:2    | Found a huge runed translucent gate.
 45811 | Zot:2    | Found a huge runed translucent gate.
 45811 | Zot:2    | Found a huge runed translucent gate.
 45812 | Zot:2    | Found a huge runed translucent gate.
 45813 | Zot:2    | Found a huge runed translucent gate.
 45820 | Zot:2    | Found a huge runed translucent gate.
 45823 | Zot:2    | Found a huge runed translucent gate.
 45823 | Zot:2    | Found a huge runed translucent gate.
 45826 | Zot:2    | Found a huge runed translucent gate.
 45826 | Zot:2    | Found a huge runed translucent gate.
 45827 | Zot:2    | Found a huge runed translucent gate.
 45829 | Zot:2    | Found a huge runed translucent gate.
 45830 | Zot:2    | Found a huge runed translucent gate.
 45831 | Zot:2    | Found a huge runed translucent gate.
 45832 | Zot:2    | Found a huge runed translucent gate.
 45833 | Zot:2    | Found a huge runed translucent gate.
 45833 | Zot:2    | Found a huge runed translucent gate.
 45838 | Zot:2    | Found a huge runed translucent gate.
 45839 | Zot:2    | Found a huge runed translucent gate.
 45839 | Zot:2    | Found a huge runed translucent gate.
 45839 | Zot:2    | Found a huge runed translucent gate.
 45839 | Zot:2    | Found a huge runed translucent gate.
 45841 | Zot:2    | Found a huge runed translucent gate.
 45842 | Zot:2    | Found a huge runed translucent gate.
 45843 | Zot:2    | Found a huge runed translucent gate.
 45843 | Zot:2    | Found a huge runed translucent gate.
 45848 | Zot:2    | Found a huge runed translucent gate.
 45848 | Zot:2    | Found a huge runed translucent gate.
 45849 | Zot:2    | Found a huge runed translucent gate.
 45849 | Zot:2    | Found a huge runed translucent gate.
 46232 | Zot:3    | Reached skill level 24 in Invocations
 46263 | Zot:3    | Identified the +0 chain mail "Junloism" {rF+}
 46596 | Zot:3    | Noticed an orb of fire
 46612 | Zot:3    | Gained mutation: You sometimes lose the ability to drink
                  | potions when taking damage. [an orb of fire]
 46630 | Zot:3    | Gained mutation: Armour fits poorly on your strangely
                  | shaped body. [an orb of fire]
 46634 | Zot:3    | Killed an orb of fire
 47221 | Zot:4    | Reached XP level 26. HP: 253/254 MP: 39/39
 47776 | Zot:4    | Reached skill level 25 in Invocations
 48305 | Zot:5    | Entered Level 5 of the Realm of Zot
 48823 | Zot:5    | Noticed an ancient lich
 48829 | Zot:5    | Noticed a Killer Klown
 48845 | Zot:5    | Killed an ancient lich
 48846 | Zot:5    | Noticed a dread lich
 48851 | Zot:5    | Killed a dread lich
 48876 | Zot:5    | Killed a Killer Klown
 48884 | Zot:5    | Noticed an orb of fire
 48892 | Zot:5    | Noticed an orb of fire
 48904 | Zot:5    | Gained mutation: Your body sometimes deteriorates upon
                  | taking damage. [an orb of fire]
 48915 | Zot:5    | Gained mutation: You are dopey. (Int -2) [an orb of fire]
 48917 | Zot:5    | Lost mutation: Your muscles are strong. (Str +4, Int/Dex
                  | -1) [an orb of fire]
 48919 | Zot:5    | Killed an orb of fire
 48939 | Zot:5    | Gained mutation: You sometimes lose your temper in combat.
                  | [an orb of fire]
 48944 | Zot:5    | Killed an orb of fire
 48948 | Zot:5    | Noticed a Killer Klown
 48959 | Zot:5    | Killed a Killer Klown
 49202 | Zot:5    | Noticed an orb of fire
 49204 | Zot:5    | Noticed an orb of fire
 49220 | Zot:5    | Gained mutation: You occasionally shout uncontrollably at
                  | your foes. [an orb of fire]
 49221 | Zot:5    | Noticed an orb of fire
 49222 | Zot:5    | Killed an orb of fire
 49223 | Zot:5    | Reached skill level 26 in Invocations
 49228 | Zot:5    | Gained mutation: Your body often deteriorates upon taking
                  | damage. [an orb of fire]
 49235 | Zot:5    | Gained mutation: You are clumsy. (Dex -2) [an orb of fire]
 49236 | Zot:5    | Noticed a Killer Klown
 49241 | Zot:5    | Gained mutation: You have hidden genetic defects. [an orb
                  | of fire]
 49243 | Zot:5    | Killed an orb of fire
 49254 | Zot:5    | Noticed a dread lich
 49378 | Zot:5    | Killed a Killer Klown
 49381 | Zot:5    | Lost mutation: Your body often deteriorates upon taking
                  | damage. [potion of mutation]
 49381 | Zot:5    | Lost mutation: Armour fits poorly on your strangely shaped
                  | body. [potion of mutation]
 49381 | Zot:5    | Gained mutation: Your spells are a little harder to cast,
                  | but a little more powerful. [potion of mutation]
 49381 | Zot:5    | Lost mutation: You are dopey. (Int -2) [potion of mutation]
 49381 | Zot:5    | Lost mutation: Your body sometimes deteriorates upon taking
                  | damage. [potion of mutation]
 49382 | Zot:5    | Lost mutation: You are clumsy. (Dex -2) [potion of
                  | mutation]
 49382 | Zot:5    | Lost mutation: You sometimes lose your temper in combat.
                  | [potion of mutation]
 49382 | Zot:5    | Lost mutation: You have sharp toenails. [potion of
                  | mutation]
 49442 | Zot:5    | Killed a dread lich
 49443 | Zot:5    | Reached XP level 27. HP: 268/268 MP: 40/40
 49449 | Zot:5    | Got the Orb of Zot
 49453 | Zot:5    | Gained mutation: You sometimes lose your temper in combat.
                  | [an orb of fire]
 49552 | Zot:4    | Lost mutation: You have hidden genetic defects. [potion of
                  | mutation]
 49552 | Zot:4    | Lost mutation: You sometimes lose your temper in combat.
                  | [potion of mutation]
 49552 | Zot:4    | Lost mutation: You are strong-willed. (Will+) [potion of
                  | mutation]
 49552 | Zot:4    | Gained mutation: Your spells are harder to cast, but more
                  | powerful. [potion of mutation]
 49597 | Zot:2    | Gained mutation: Your health recovers twice as slowly from
                  | being drained. [a cacodemon]
 49862 | D:10     | Noticed a seraph
 49901 | D:9      | Noticed Abemp the pandemonium lord
 49918 | D:8      | Killed Abemp the pandemonium lord
 49972 | D:5      | Noticed Mengai Lyga the pandemonium lord
 50044 | D:$      | Escaped with the Orb!

Illustrated notes

Levels and vault maps discovered:
D:1:      minmay_arrival_radiant_lines, layout_loops_ring,
          shapermc_ecumenical_altar_totnotflames,
          corexii_item_surrounded_by_moat
D:2:      layout_loops_ring, kennysheep_generic_room_14
D:3:      layout_basic, mainiacjoe_overflow_24_doors, uniq_ijyb
D:4:      minmay_recursive_quarters, layout_rooms,
          serial_library_regret_index_headful, uniq_pikel
D:5:      layout_basic, serial_shops, nicolae_shop_industrial_runoff,
          uniq_blork_the_orc, uniq_prince_ribbit1, uniq_crazy_yiuf_cottage,
          uniq_duvessa
D:6:      lemuel_castle_with_subvaults [lemuel_castle_interior_carwin_1],
          layout_basic, uniq_maggie
D:7:      cheibrodos_two_vegetables, layout_gridville,
          nicolae_overflow_hidden_temple, minmay_temple_entry_statues_fountains,
          serial_shops, shop
D:8:      layout_cave_pools, lemuel_coloured_pillars_altar,
          nicolae_elyvilon_peaceful_grove, serial_shops, nicolae_diamond_shop,
          uniq_psyche
D:9:      layout_rooms, grunt_livestock, minmay_mirror_moons_of_madness
D:10:     layout_grid_maze, erik_lair_orcish_takeover, orc_0_dummy,
          serial_rivers, chequers_serial_rivers_small_a,
          chequers_serial_rivers_small_3, chequers_serial_rivers_small_a,
          chequers_serial_rivers_large_a, chequers_serial_rivers_micro_d,
          special_room [special_room_orc], st_stairs_13, nicolae_alphabet_shops,
          minmay_misc_feat_rugged
D:11:     layout_loops_ring, gauntlet_entry_generic, minmay_evil_grid
D:12:     layout_loops_corners
D:13:     layout_roguey, roderic_serpentine_path, nicolae_vehumet_altar_sigil
D:14:     layout_rooms, david_vaults_4
D:15:     hellmonk_depths_entry_around_the_bend, layout_irregular_city,
          good_gods_temple_1, dk_noncrumbling_3, nicolae_wand_duel
Temple:   nicolae_temple_bog_church
Lair:1:   layout_regular_city
Lair:2:   layout_chaotic_city, shoals_dummy_entry
Lair:3:   layout_regular_city, minmay_snake_entry_guardpost_medium,
          lemuel_oklob_altar, infiniplex_staircase_pool
Lair:4:   layout_misc_corridors, slime_entry_1, infiniplex_staircase_pool_2,
          grunt_megastairs_5
Lair:5:   hangedman_lair_caniforms_friends, layout_hall_layers,
          hangedman_lair_tendril_chambers, cheibrodos_lair_lostbears,
          lemuel_fruit_tree
Shoals:1: nicolae_shoals_aurelia_aurita, layout_shoals, serial_shops, shop,
          nicolae_shoals_kraken_intersection
Shoals:2: layout_shoals, nicolae_shoals_siren_and_animal_friends, uniq_jorgrun
Shoals:3: layout_shoals, lightli_airlock, uniq_mlioglotl, uniq_ilsuiw
Shoals:4: shoals_end_grunt_ice, layout_shoals, nicolae_shop_dragon_depot
Snake:1:  layout_layer_cave
Snake:2:  layout_chambers, nicolae_snake_gridmaze_tees, serial_bayou_shore_a,
          minmay_shop_star, uniq_aizul
Snake:3:  layout_rooms
Snake:4:  minmay_snake_end_coiled, layout_rooms, nicolae_shop_self_help
Slime:1:  layout_caves, nicolae_slime_ancient_tower_intersection
Slime:2:  layout_caves, uniq_dissolution
Slime:3:  layout_caves, basic_altar, nicolae_slime_welcoming_committee
Slime:4:  layout_caves, cheibrodos_slime_lost_civilization_5
Slime:5:  slime_pit_nicolae_amoeboid
Orc:1:    layout_caves
Orc:2:    st_orc_pillars, layout_diamond_mine, gammafunk_ghost_split,
          uniq_donald
Elf:1:    layout_loops_corners, serial_shops, shop, nicolae_diamond_shop,
          hangedman_corner_corridor, grunt_ministairs_11, minivault_13
Elf:2:    nicolae_elf_blades_splatter_lattice
          [nicolae_blade_entry_sentries_behind_glass], layout_geoelf_grid
Elf:3:    elf_hall, layout_loops_corners, st_stairs_5, serial_nicolae_subway,
          nicolae_sub_station_crystal, nicolae_sub_station_metal,
          nicolae_sub_station_stone
Vaults:1: nicolae_vaults_windows_and_doors_thing, vaults_room_glass_cross,
          nicolae_vaults_six-pack, v_misc_17, v_misc_1, grunt_vaults_funnel,
          vaults_room_pools, nicolae_vaults_two_Ls, v_pattern_5,
          hangedman_vaults_restitches, v_misc_16,
          nicolae_vaults_little_squares_5, layout_vaults_omnicross
Vaults:2: portal_desolation_entry_nicolae_nacl, nicolae_vaults_tetromino_T_2,
          nicolae_vaults_more_shelving_2, nicolae_vaults_door_testing_chamber,
          minmay_crypt_entry_simple_round, nicolae_vaults_shelves_hall,
          dpeg_vaults_hating_casters, v_misc_11,
          nicolae_vaults_layer_cake_slice, layout_vaults_big_room, serial_shops,
          nicolae_shop_gaudy_bauble, uniq_saint_roka
Vaults:3: vaults_dpeg_encased_lava, nicolae_vaults_little_ls, v_misc_11,
          nicolae_vaults_murder_corner, nicolae_vaults_closet_pinwheel_2,
          v_misc_17, nicolae_vaults_trapezoid_1, layout_vaults_omnigrid
Vaults:4: hangedman_vaults_stream, nicolae_vaults_turnstiles,
          hangedman_vaults_maws, minmay_guarded_unrand_guard,
          nicolae_vaults_closet_pinwheel_1, nicolae_vaults_border_crossing,
          v_misc_18, nicolae_vaults_little_squares_2, layout_vaults_omnibox,
          uniq_zenata
Depths:1: layout_cave_shapes, serial_column_ruins, column_ruins_pillar_9,
          column_ruins_pillar_2, column_ruins_pillar_4, column_ruins_pillar_6,
          column_ruins_pillar_1, column_ruins_pillar_1, column_ruins_pillar_10,
          column_ruins_pillar_1, column_ruins_pillar_6, column_ruins_pillar_6,
          column_ruins_pillar_9, column_ruins_pillar_1, column_ruins_pillar_6,
          column_ruins_pillar_3, column_ruins_pillar_3, column_ruins_pillar_4,
          column_ruins_pillar_6, column_ruins_pillar_9,
          column_ruins_portal_squares, hell_entry, rand_demon_pan_entry_7,
          nicolae_uskayaw_en_pointe, kennysheep_vampire_church
Depths:2: nicolae_BIG_FREAKIN_CUBE, layout_cave_shapes, abyss_entry, hell_entry,
          enter_trove_6, rand_demon_pan_entry_5, minmay_statues_item
Depths:3: nicolae_hitomezashi [nicolae_hito_row, nicolae_hito_row,
          nicolae_hito_row, nicolae_hito_row, nicolae_hito_row,
          nicolae_hito_row, nicolae_hito_row, nicolae_hito_row,
          nicolae_hito_row, nicolae_hito_row, nicolae_hito_row,
          nicolae_hito_row, nicolae_hito_row, nicolae_hito_row,
          nicolae_hito_row, nicolae_hito_row, nicolae_hito_row,
          nicolae_hito_row], layout_gridlike, enter_ziggurat_a,
          abyss_entry_small_statue_room, hell_entry
Depths:4: grunt_zot_entry_bicorn, layout_cave_shapes,
          hangedman_abyss_entry_splay, grunt_hell_entry_dis_old,
          chequers_serial_rivers_micro_e, minivault_16, patterned_corridor
Hell
Zot:1:    grunt_zot_stairs_faceoff, layout_misc_corridors,
          gammafunk_ghost_door_vault
Zot:2:    layout_misc_corridors, door_vault
Zot:3:    layout_twisted_circle, zot_minivault_2
Zot:4:    layout_cathedral_of_symmetry, hangedman_zot_diagonal_lockstep
Zot:5:    layout_misc_corridors, kennysheep_underground_church

Skill      XL: |  1  2  3  4  5  6  7  8  9 10 11 12 13 14 15 16 17 18 19 20 21 22 23 24 25 26 |
---------------+-------------------------------------------------------------------------------+-----
Fighting       | 4 5 6 7 9 10 11 13 14 15 16 17 18 19 20 21 22 23 24 25 | 25.9
Axes           | 5 6 8 9 11 12 14 16 | 16.1
Armour         | 1 2 4 5 6 8 9 10 11 12 13 14 15 16 | 16.0
Polearms       | 4 7 10 11 | 11.3
Invocations    | 3 6 8 10 12 13 15 16 17 18 19 20 21 22 23 24 26 | 26.3
Evocations     | 1 4 9 11 12 13 14 15 16 17 18 | 18.0
Dodging        | 4 5 6 7 8 9 10 11 12 13 | 13.0
Shields        | 7 10 12 13 14 15 16 17 18 19 21 | 21.6
Throwing       | 1 5 7 8 |  8.0

Action                     |  1- 3 |  4- 6 |  7- 9 | 10-12 | 13-15 | 16-18 | 19-21 | 22-24 | 25-27 || total
---------------------------+-------+-------+-------+-------+-------+-------+-------+-------+-------++-------
  Melee: Hand axe          |    93 |     6 |       |       |       |       |       |       |       ||    99
         Lance             |       |    56 |   177 |   554 |   930 |  1547 |   297 |   320 |   537 ||  4418
         Broad axe         |       |       |       |       |       |    34 |  1388 |  1341 |   746 ||  3509
   Fire: Sling             |    18 |    11 |    69 |    44 |     5 |     2 |       |       |       ||   149
         Hand cannon       |       |       |       |       |       |       |    19 |     5 |       ||    24
  Throw: Stone             |       |     2 |    26 |    39 |       |       |       |       |       ||    67
         Dart              |       |       |     2 |     4 |   297 |   100 |       |       |       ||   403
         Boomerang         |       |       |       |     1 |       |    41 |    36 |    64 |    22 ||   164
         Javelin           |       |       |       |       |    17 |     1 |       |       |       ||    18
 Invoke: Lesser Servant of |       |       |       |     4 |     2 |     5 |     5 |       |       ||    16
         Minor Destruction |       |       |       |       |     1 |   239 |    82 |   160 |    36 ||   518
         Greater Servant o |       |       |       |       |     1 |     6 |     2 |     1 |     2 ||    12
         Major Destruction |       |       |       |       |     1 |     3 |     1 |       |       ||     5
  Evoke: Wand              |       |       |     1 |    21 |    13 |    37 |    30 |    10 |     4 ||   116
         Tin of tremorston |       |       |       |       |     3 |     3 |     4 |     2 |     3 ||    15
         Box of beasts     |       |       |       |       |     1 |     2 |     1 |       |     1 ||     5
         Phantom mirror    |       |       |       |       |       |     1 |     2 |     1 |     1 ||     5
         Phial of floods   |       |       |       |       |       |     1 |     1 |       |       ||     2
         Lightning rod     |       |       |       |       |       |     4 |     2 |       |       ||     6
    Use: Potion            |       |     1 |     2 |     3 |     1 |     6 |     4 |    10 |    12 ||    39
         Scroll            |       |       |       |    24 |     7 |    20 |     6 |    13 |     8 ||    78
   Stab: Distracted        |       |       |       |     1 |     3 |     5 |     6 |       |     4 ||    19
         Invisible         |       |       |       |       |       |       |     3 |     7 |     8 ||    18
 Armour: Robe              |     7 |       |       |       |       |       |       |       |       ||     7
         Leather armour    |     7 |       |       |       |       |       |       |       |       ||     7
         Chain mail        |    20 |    23 |    16 |   280 |   389 |    11 |       |       |       ||   739
         Acid dragon scale |       |       |    34 |     3 |       |       |       |       |       ||    37
         Skin              |       |       |     1 |       |       |       |       |       |       ||     1
         Plate armour      |       |       |       |       |       |  1167 |   480 |       |       ||  1647
         Fire dragon scale |       |       |       |       |       |       |   819 |   886 |   820 ||  2525
  Dodge: Dodged            |    60 |    24 |    78 |   223 |   385 |   408 |   574 |   479 |   447 ||  2678
  Block: Kite shield       |       |       |       |       |       |   740 |  1125 |  1179 |  1000 ||  4044
         Tower shield      |       |       |       |       |       |    11 |       |       |       ||    11
         Reflection        |       |       |       |       |       |       |    49 |    76 |    15 ||   140
